 Dungeon Crawl Stone Soup version 0.23.2-30-g0e89c35649 (webtiles) character file.

Game seed: 10522876854320902124

138 EcosseEcosse the Chopper (level 5, -7/46 HPs)
             Began as a Minotaur Fighter on June 23, 2019.
             Mangled by Menkaure (11 damage)
             ... on level 4 of the Dungeon.
             The game lasted 00:08:46 (2152 turns).

EcosseEcosse the Chopper (Minotaur Fighter)         Turns: 2152, Time: 00:08:46

Health: -7/46      AC:  7    Str: 24    XL:     5   Next: 1%
Magic:  0/4        EV:  8    Int:  5    God:
Gold:   109        SH: 12    Dex: 10    Spells: 4/4 levels left

rFire    + . .     SeeInvis .   a - +0 war axe
rCold    . . .     Gourm    .   s - +2 shield
rNeg     . . .     Faith    .   b - +0 scale mail
rPois    .         Spirit   +   (helmet restricted)
rElec    .         Reflect  .   (no cloak)
rCorr    .         Harm     .   (no gloves)
MR       .....                  (no boots)
Stlth    ..........             r - amulet of guardian spirit
HPRegen  0.15/turn              m - +3 ring of strength
MPRegen  0.09/turn              c - ring of protection from fire

@: no status effects
A: retaliatory headbutt, horns 2
a: no special abilities


You were on level 4 of the Dungeon.
You were not hungry.

You visited 1 branch of the dungeon, and saw 4 of its levels.

You collected 109 gold pieces.

Inventory:

Hand Weapons
 a - a +0 war axe (weapon)
 o - a +1 dagger of speed
Missiles
 t - 2 javelins of returning
 w - 3 tomahawks of dispersal (quivered)
Armour
 b - a +0 scale mail (worn)
 s - a +2 shield (worn)
 y - a +0 ring mail of fire resistance
Jewellery
 c - a ring of protection from fire (right hand)
 m - a +3 ring of strength (left hand)
 p - an uncursed amulet of faith
 r - an amulet of guardian spirit (around neck)
Scrolls
 h - a scroll of enchant weapon {unknown}
 i - a scroll of identify
 l - 4 scrolls of teleportation
 n - a scroll of amnesia {unknown}
 q - 2 scrolls of remove curse {unknown}
 u - a scroll of blinking {unknown}
 x - a scroll of immolation {unknown}
Potions
 d - a potion of might
 e - a potion of haste {unknown}
 g - 3 potions of curing
 j - a potion of magic {unknown}
 k - 2 potions of brilliance {unknown}
Comestibles
 f - 5 rations


   Skills:
 + Level 4.1 Fighting
 + Level 4.7 Axes
 + Level 4.2 Armour
 + Level 0.5 Dodging
 + Level 4.5 Shields


You had 4 spell levels left.
You didn't know any spells.
Your spell library was empty.

Dungeon Overview and Level Annotations

Branches:
Dungeon (4/15)
 Temple: D:4-7

Altars:
Zin

Annotations:
D:4 Menkaure


Innate Abilities, Weirdness & Mutations

You reflexively headbutt those who attack you in melee.
You have a pair of horns on your head.


Message History

Menkaure shouts!
Found a stone staircase leading up.
A leopard gecko comes into view.
The leopard gecko hisses angrily.
Menkaure casts a spell at you. Pain shoots through your body!
You hit the leopard gecko.
The leopard gecko is almost dead.
Menkaure calls on the powers of darkness!
Your body is wracked with pain!
You block the leopard gecko's attack.
You slash the leopard gecko!
You kill the leopard gecko!
You have reached level 5!
Menkaure hits you but does no damage.
You hit Menkaure.
Menkaure is lightly damaged.
Menkaure hits you!!
* * * LOW HITPOINT WARNING * * *
Menkaure hits you!
You die...

#.# #.# ##.##
#.# #.<.#
##.######
###...###
#........
#....(..###..#
#............#
#.......####.#
##....###
##.#####.##
#....#
#.M@.......
#.#.##
#..#####.##
#.#. #..# # #.
#..# #..# #...
#.## ..


You could see Menkaure.

Vanquished Creatures
  An orc priest (D:3)
  3 adders (D:3)
  2 leopard geckos
  4 orcs (D:3)
  A ball python (D:1)
  7 giant cockroaches
  11 hobgoblins
  A quokka (D:2)
  10 bats
  6 frilled lizards
  9 goblins
  12 kobolds
  4 rats
71 creatures vanquished.

Notes
Turn   | Place    | Note
-------+----------+-------------------------------------------
     0 | D:1      | EcosseEcosse the Minotaur Fighter began the quest for the
                  | Orb.
     0 | D:1      | Reached XP level 1. HP: 19/19 MP: 0/0
   180 | D:1      | Reached XP level 2. HP: 25/27 MP: 1/1
   588 | D:2      | Reached XP level 3. HP: 28/33 MP: 2/2
  1059 | D:3      | Reached XP level 4. HP: 36/40 MP: 3/3
  1944 | D:3      | Found a glowing silver altar of Zin.
  2145 | D:4      | Noticed Menkaure
  2150 | D:4      | Reached XP level 5. HP: 23/46 MP: 1/4
  2152 | D:4      | Mangled by Menkaure

Skill      XL: |  1  2  3 |
---------------+----------+-----
Armour         | 4 |  4.2
Shields        | 4 |  4.5
Fighting       | 4 |  4.1
Axes           | 4 |  4.7
Dodging        | |  0.5

Action                   |  1- 3 |  4- 6 || total
-------------------------+-------+-------++-------
Melee: War axe           |    71 |    58 ||   129
       Headbutt          |     6 |    10 ||    16
  Use: Scroll            |     2 |     3 ||     5
       Potion            |     1 |       ||     1
  Eat: Chunk             |       |     4 ||     4
Armor: Scale mail        |    48 |    27 ||    75
Dodge: Dodged            |    36 |    10 ||    46
Block: Shield            |    46 |    35 ||    81
